 Dungeon Crawl Stone Soup version 0.31-a0-145-g046c7d2549 (webtiles) character file.

Game seed: 14986851830676927048

22294 sanka the Destroyer (level 12, -8/106 HPs)
             Began as a Demigod Conjurer on June 3, 2023.
             Mangled by a centaur warrior simulacrum (21 damage)
             ... on level 11 of the Dungeon on June 4, 2023.
             The game lasted 00:39:53 (16502 turns).

sanka the Destroyer (Demigod Conjurer)             Turns: 16502, Time: 00:39:54

Health: -8/106     AC:  8    Str:  4    XL:     12   Next: 30%
Magic:  23/23      EV: 16    Int: 50    God:
Gold:   843        SH:  0    Dex: 12    Spells: 5/21 levels left

rFire   . . .        P - +8 halberd "Jukkul" {elec, rN++ Str-4 Int+2}
rCold   . . .        (shield currently unavailable)
rNeg    + + .        O - +0 steam dragon scales
rPois   .            o - +0 helmet
rElec   .            N - +0 cloak
rCorr   .            (no gloves)
SInv    .            l - +0 pair of boots
Will    +....        f - amulet of regeneration
Stlth   ++           Z - +6 ring of intelligence
HPRegen 1.17/turn    a - +6 ring of intelligence
MPRegen 0.18/turn

%: no passive effects
@: no status effects
A: high MP 1, forlorn, divine attributes
a: no special abilities


You were on level 11 of the Dungeon.
You visited 1 branch of the dungeon, and saw 12 of its levels.
You also visited: Sewer and Bailey.

You collected 843 gold pieces.


Innate Abilities, Weirdness & Mutations

You have an increased reservoir of magic. (+10% MP)
You shall have no god before yourself.
Your divine heritage dramatically boosts your attributes as you level up.


   Skills:
 - Level 10.0 Fighting
 - Level 10.0 Dodging
 - Level 1.7 Stealth
 - Level 5.0 Spellcasting
 + Level 11.4 Conjurations
 - Level 2.0 Hexes
 - Level 2.0 Translocations
 - Level 2.0 Ice Magic
 - Level 6.0 Air Magic


You had 5 spell levels left.
You knew the following spells:

 Your Spells              Type           Power      Damage    Failure   Level
c - Iskenderun's Mystic   Conj/Tloc      68%        2d14      1%          4
x - Searing Ray           Conj           100%       2d8       1%          2
z - Magic Dart            Conj           100%       1d8       0%          1
X - Freezing Cloud        Conj/Ice/Air   33%        6-21      3%          5
Z - Fulminant Prism       Conj/Hex       34%        3d16      1%          4

Your spell library contained the following spells:

 Spells                   Type           Power      Damage    Failure   Level
 Freeze                   Ice            100%       1d10      1%          1
 Cigotuvi's Dreadful Rot  Necr/Pois/Air  64%        N/A       1%          2
 Dazzling Flash           Conj/Hex       100%       N/A       1%          3
 Frozen Ramparts          Ice            64%        1d10      1%          3
 Gell's Gravitas          Tloc           32%        N/A       1%          3
 Hailstorm                Conj/Ice       68%        3d14      1%          3
 Teleport Other           Tloc           32%        N/A       1%          3
 Sticky Flame             Conj/Fire      63%        2d8       1%          4
 Ignite Poison            Fire/Tmut/Pois 12%        N/A       4%          3
 Petrify                  Tmut/Erth      12%        N/A       14%         4
 Metabolic Englaciation   Hex/Ice        16%        N/A       19%         5
 Dispersal                Tloc           16%        N/A       69%         6
 Statue Form              Tmut/Erth      8%         N/A       92%         6
 Ignition                 Fire           6%         3d4       100%        8
 Chain Lightning          Conj/Air       39%        3d52      100%        9
 Fire Storm               Conj/Fire      31%        8d8       100%        9
 Shatter                  Erth           6%         3d9*      100%        9

Inventory:

Hand Weapons
 p - a +2 dagger of venom
 E - a +2 dire flail of protection
 P - the +8 halberd "Jukkul" (weapon) {elec, rN++ Str-4 Int+2}

   Str:       It affects your strength (-4).
   Int:       It affects your intelligence (+2).
   rN:        It greatly protects you from negative energy.
Missiles
 y - 2 throwing nets {=f}
 I - 5 curare-tipped darts {=f}
Armour
 l - a +0 pair of boots (worn)
 o - a +0 helmet (worn)
 D - an orb of energy
 N - a +0 cloak (worn)
 O - +0 steam dragon scales (worn)
Magical Staves
 R - a staff of air
Jewellery
 a - a +6 ring of intelligence (right hand)
 f - an amulet of regeneration (around neck)
 h - a +4 ring of protection
 s - a ring of fire
 u - a ring of protection from cold
 F - a +4 ring of protection
 S - the ring of Xom's Malicious Joy {rC- Dex+5 SInv}

   [ring of see invisible]

   Dex:       It affects your dexterity (+5).
   rC:        It makes you vulnerable to cold.
   SInv:      It lets you see invisible.
 W - a ring of ice
 Z - a +6 ring of intelligence (left hand)
Wands
 r - a wand of light (11)
 t - a wand of charming (6)
 x - a wand of digging (18)
 H - a wand of roots (11)
 M - a wand of flame (29)
 T - a wand of polymorph (7)
Scrolls
 e - a scroll of poison {!r}
 i - 2 scrolls of fear
 j - a scroll of butterflies {unknown}
 k - 3 scrolls of fog
 m - 3 scrolls of magic mapping
 A - a scroll of teleportation {@r4}
 C - a scroll of enchant weapon
 L - a scroll of vulnerability {!r}
 Q - 3 scrolls of enchant armour
 V - a scroll of amnesia
 X - a scroll of blinking
Potions
 b - 3 potions of magic
 c - 3 potions of invisibility {unknown}
 d - 4 potions of heal wounds {unknown}
 g - 10 potions of curing {unknown}
 n - a potion of mutation {unknown}
 q - 3 potions of degeneration {unknown}
 v - 2 potions of ambrosia {unknown}
 z - 4 potions of enlightenment {unknown}
 B - a potion of haste {unknown}
 G - a potion of experience {unknown}
 J - a potion of might {unknown}
 K - a potion of brilliance {unknown}
 U - a potion of attraction {unknown}
 Y - a potion of lignification {unknown}

Dungeon Overview and Level Annotations

Branches:
Dungeon (12/15)            Temple (0/1) D:6            Lair (0/5) D:9
    Orc (0/2) D:11          Sewer (visited)          Bailey (visited)

▒▒▒▒▒▒▒▒▒▒ ▒▒▒
.........▒▒▒ ▒▒▒▒▒▒..
...........▒▒ ▒.......
..........▒..▒▒▒▒▒..#▒▒..
▒.........▒▒....▒..▒▒#▒▒.
▒.........▒▒▒▒▒....####..
▒.........▒ ▒▒.+.▒▒#▒▒.
▒.........▒ ▒▒▒..#▒▒..
▒▒▒...▒▒▒p▒▒ ▒.......
▒.......Z.▒ ▒▒▒▒..▒▒
▒..▒.▒..▒▒▒▒▒▒ ▒▒▒.▒▒ ▒
▒▒......▒▒▒ ▒...▒
▒Z.).......▒▒▒'▒▒▒▒▒ ▒
▒▒..[...▒▒▒.▒........
..▒..▒▒▒.......▒
▒.'........
▒..............▒
▒▒▒........
▒▒▒▒...........▒
▒........


You could see a centaur warrior simulacrum.


Message History

The polar bear completely misses you. The polar bear barely misses you.
The polar bear misses you.
The polar bear claws you but does no damage.
You puncture the polar bear!
Lightning courses through the polar bear!
You kill the polar bear!
Unknown command.
You barely miss the white imp.
The white imp hits you but does no damage.
Unknown command.
You barely miss the white imp.
The white imp hits you but does no damage.
The white imp shouts, "Leave, thou pottle-deep knotty-pated coxcomb!"
The white imp gestures at you.
The puff of frost hits you but does no damage.
You slash the white imp!
You kill the white imp!
The centaur warrior simulacrum hits you.
* * * LOW HITPOINT WARNING * * *
The centaur warrior simulacrum freezes you!
* * * LOW HITPOINT WARNING * * *
The centaur warrior simulacrum kicks you but does no damage.
You hit the centaur warrior simulacrum.
The centaur warrior simulacrum is lightly damaged.
The centaur warrior simulacrum misses you.
The centaur warrior simulacrum kicks you.
* * * LOW HITPOINT WARNING * * *
The centaur warrior simulacrum freezes you!!
You die...

Action                     |  1- 3 |  4- 6 |  7- 9 | 10-12 || total
---------------------------+-------+-------+-------+-------++-------
  Melee: Unarmed           |    19 |       |       |       ||    19
         Dagger            |       |     7 |   173 |       ||   180
         Punch             |       |       |     2 |       ||     2
         Halberd           |       |       |    72 |   269 ||   341
   Cast: Magic Dart        |    90 |    67 |   103 |    48 ||   308
         Searing Ray       |     3 |    12 |    22 |    10 ||    47
         Iskenderun's Myst |       |       |    29 |    34 ||    63
         Fulminant Prism   |       |       |    20 |    21 ||    41
         Freezing Cloud    |       |       |       |    30 ||    30
  Evoke: Wand              |       |     1 |     5 |       ||     6
    Use: Scroll            |       |       |       |     9 ||     9
   Stab: Sleeping          |       |       |     2 |     1 ||     3
 Armour: Robe              |    21 |    20 |   142 |    20 ||   203
         Steam dragon scal |       |       |       |    88 ||    88
  Dodge: Dodged            |    44 |    28 |   288 |   284 ||   644

Levels and vault maps discovered:
D:1:      grunt_arrival_crossed_arrows, layout_loops_ring,
          minmay_misc_feat_four_crosses, minmay_lizard_pond
D:2:      layout_loops_ring, uniq_robin, uniq_crazy_yiuf_cottage
D:3:      layout_basic, uniq_ijyb, uniq_natasha, uniq_terence
D:4:      layout_rooms, amethyst_killhole, uniq_eustachio
D:5:      layout_basic
D:6:      mumra_celtic_spiral_tile, layout_cave_pools,
          minmay_temple_entry_junction_2, portal_sewer_entry_b,
          kennysheep_crisscross, hex_tiny, minmay_crystal_room,
          minmay_fountain_box, uniq_edmund, uniq_grinder
D:7:      layout_loops_ring, zin_academy, enter_bailey_2
D:8:      layout_loops_ring
D:9:      layout_stronghold, overflow_temple_1_default, dpeg_lair_monsters,
          kennysheep_pointless_box, st_stairs_8, uniq_grum
D:10:     layout_irregular_city, hellmonk_bongcloud_opening
D:11:     layout_roguey, zombieorc1_lemuel, serial_ice, serial_ice_c,
          serial_ice_e, serial_ice_g, serial_ice_m, serial_ice_a, serial_ice_n,
          serial_ice_k, serial_ice_d, serial_ice_b, serial_ice_h,
          minmay_misc_feat_rows, uniq_sonja
D:12:     layout_roguey, minmay_checkered_concentric_circles, uniq_rupert

Notes
Turn   | Place    | Note
-------+----------+-------------------------------------------
     0 | D:1      | sanka the Demigod Conjurer began the quest for the Orb.
     0 | D:1      | Reached XP level 1. HP: 14/14 MP: 5/5
    45 | D:1      | Reached skill level 2 in Spellcasting
   291 | D:1      | Reached skill level 4 in Conjurations
   291 | D:1      | Reached XP level 2. HP: 20/20 MP: 4/7
   295 | D:1      | Learned a level 2 spell: Searing Ray
  1278 | D:2      | Reached XP level 3. HP: 26/26 MP: 5/8
  1615 | D:2      | Found a runed translucent door.
  1616 | D:2      | Noticed Crazy Yiuf
  1847 | D:2      | Noticed Robin
  1858 | D:2      | Killed Robin
  1863 | D:2      | HP: 2/26 [poisoned by Robin]
  1868 | D:2      | HP: 1/26 [poisoned by Robin]
  1928 | D:2      | Reached skill level 5 in Conjurations
  2380 | D:3      | Reached XP level 4. HP: 33/33 MP: 1/9
  2745 | D:3      | Noticed Ijyb
  2746 | D:3      | Noticed Terence
  2771 | D:3      | Killed Terence
  2772 | D:3      | Killed Ijyb
  2853 | D:3      | Noticed Natasha
  2856 | D:3      | Killed Natasha
  2857 | D:3      | Reached skill level 6 in Conjurations
  2857 | D:3      | Reached XP level 5. HP: 38/38 MP: 5/10
  3888 | D:4      | Noticed an ogre
  3907 | D:4      | Killed an ogre
  3908 | D:4      | Reached skill level 7 in Conjurations
  3908 | D:4      | Reached XP level 6. HP: 25/45 MP: 2/11
  4231 | D:4      | Noticed Eustachio
  4244 | D:4      | Killed Eustachio
  4245 | D:4      | Reached skill level 8 in Conjurations
  4336 | D:4      | Reached XP level 7. HP: 49/50 MP: 8/13
  4529 | D:5      | Entered Level 5 of the Dungeon
  4851 | D:5      | Reached skill level 3 in Spellcasting
  4856 | D:5      | Learned a level 4 spell: Fulminant Prism
  4861 | D:5      | Learned a level 4 spell: Iskenderun's Mystic Blast
  5016 | D:5      | Reached skill level 1 in Hexes
  5016 | D:5      | Reached skill level 1 in Translocations
  5334 | D:6      | Noticed Grinder
  5335 | D:6      | Paralysed by Grinder for 5 turns
  5339 | D:6      | Noticed Edmund
  5349 | D:5      | Reached XP level 8. HP: 41/57 MP: 10/15
  5365 | D:4      | Killed Grinder
  5366 | D:4      | Reached skill level 9 in Conjurations
  5366 | D:4      | Reached skill level 2 in Hexes
  5366 | D:4      | Reached skill level 2 in Translocations
  5449 | D:6      | HP: 2/57 [Edmund/bolt of light (16)]
  5567 | D:6      | Killed Edmund
  5573 | D:6      | Reached skill level 10 in Conjurations
  5631 | D:6      | Found a glowing drain.
  5658 | Sewer    | Entered a sewer
  5748 | Sewer    | Reached skill level 2 in Dodging
  5798 | Sewer    | Reached skill level 1 in Fighting
  6045 | D:6      | Found a staircase to the Ecumenical Temple.
  6193 | D:6      | Reached skill level 2 in Fighting
  6349 | D:6      | Reached skill level 3 in Dodging
  6672 | D:6      | Reached skill level 3 in Fighting
  7538 | D:2      | Killed Crazy Yiuf
  7753 | D:7      | Found a flagged portal.
  7759 | D:7      | Reached XP level 9. HP: 70/70 MP: 11/16
  7763 | D:7      | Reached skill level 4 in Dodging
  7814 | D:7      | Identified the +8 halberd "Jukkul" {elec, rN++ Str-4 Int+2}
  7821 | Bailey   | Entered a bailey
  8103 | Bailey   | Reached skill level 4 in Fighting
  8389 | Bailey   | Reached skill level 5 in Dodging
  8681 | Bailey   | Reached skill level 5 in Fighting
  8878 | Bailey   | Reached skill level 6 in Dodging
  9175 | Bailey   | Reached skill level 6 in Fighting
  9470 | Bailey   | Reached XP level 10. HP: 70/84 MP: 1/17
  9608 | Bailey   | Identified the ring of Xom's Malicious Joy {rC- Dex+5 SInv}
  9873 | D:7      | Reached skill level 7 in Dodging
 10135 | D:7      | Identified +0 steam dragon scales
 10147 | D:7      | Reached skill level 7 in Fighting
 11482 | D:8      | Upgraded the game from 0.31-a0-142-g31f6795574 to
                  | 0.31-a0-145-g046c7d2549
 11880 | D:9      | Noticed Grum
 11902 | D:9      | Killed Grum
 12109 | D:9      | Reached skill level 8 in Dodging
 12240 | D:9      | Noticed a death yak
 12246 | D:9      | Found a staircase to the Lair.
 12246 | D:9      | Noticed a death yak
 12246 | D:9      | Noticed a death yak
 12247 | D:9      | Noticed a death yak
 12248 | D:9      | Noticed a death yak
 12280 | D:9      | Noticed a death yak
 12283 | D:9      | Killed a death yak
 12284 | D:9      | Reached skill level 8 in Fighting
 12294 | D:9      | Killed a death yak
 12647 | D:9      | Identified the +1 ring mail "Eruig" {rC+}
 12820 | D:9      | Noticed a death yak
 12857 | D:9      | Killed a death yak
 12858 | D:9      | Reached skill level 9 in Dodging
 13261 | D:9      | Killed a death yak
 13262 | D:9      | Reached skill level 9 in Fighting
 13262 | D:9      | Reached XP level 11. HP: 87/97 MP: 2/19
 13275 | D:9      | Killed a death yak
 13285 | D:9      | HP: 6/97 [death yak (13)]
 13289 | D:9      | Killed a death yak
 13447 | D:9      | Killed a death yak
 13907 | D:10     | Entered Level 10 of the Dungeon
 14076 | D:10     | Learned a level 5 spell: Freezing Cloud
 14097 | D:10     | Noticed a two-headed ogre
 14107 | D:10     | Killed a two-headed ogre
 14108 | D:10     | Reached skill level 10 in Dodging
 14219 | D:10     | Reached skill level 10 in Fighting
 14225 | D:10     | Reached skill level 1 in Ice Magic
 14225 | D:10     | Reached skill level 1 in Air Magic
 14233 | D:10     | Reached skill level 2 in Ice Magic
 14233 | D:10     | Reached skill level 2 in Air Magic
 14275 | D:10     | Reached skill level 3 in Air Magic
 14500 | D:10     | Reached skill level 4 in Air Magic
 15086 | D:11     | Noticed a boulder beetle
 15200 | D:11     | Killed a boulder beetle
 15201 | D:11     | Reached skill level 5 in Air Magic
 15301 | D:12     | Noticed a two-headed ogre
 15304 | D:12     | Killed a two-headed ogre
 15375 | D:12     | Reached skill level 6 in Air Magic
 15756 | D:11     | Reached XP level 12. HP: 95/106 MP: 18/21
 15781 | D:11     | Noticed a six-headed hydra
 15786 | D:11     | Reached skill level 4 in Spellcasting
 15788 | D:11     | Killed a six-headed hydra
 15934 | D:11     | Found a staircase to the Orcish Mines.
 16024 | D:11     | Noticed Sonja
 16026 | D:11     | Killed Sonja
 16097 | D:11     | Reached skill level 5 in Spellcasting
 16098 | D:11     | Reached skill level 11 in Conjurations
 16502 | D:11     | Mangled by a centaur warrior simulacrum

Vanquished Creatures
  A hydra (D:11)
  A boulder beetle (D:11)
  3 two-headed ogres
  7 death yaks (D:9)
  Sonja (D:11)
  A manticore (D:11)
  A cyclops (D:12)
  A gargoyle (D:10)
  4 trolls
  Grinder (D:4)
  A polar bear (D:11)
  A hornet (D:9)
  A vampire (D:12)
  30 yaks
  A shadow (D:11)
  Eustachio (D:4)
  Grum (D:9)
  2 wyverns (D:8)
  2 vampire mosquitoes (D:11)
  A steam dragon (D:7)
  An acid dragon (D:7)
  Edmund (D:6)
  A water moccasin (D:6)
  An ice beast (D:11)
  15 orc warriors
  A sky beast (D:7)
  7 ogres
  3 wolves
  21 centaurs
  2 phantoms (D:11)
  2 gnoll sergeants
  3 scorpions
  2 bullfrogs
  7 wights
  2 troll zombies (D:11)
  A howler monkey (D:7)
  2 orc priests
  2 hounds
  2 gnoll boudas
  6 jellies
  Crazy Yiuf (D:2)
  4 sleepcaps
  Ijyb (D:3)
  Terence (D:3)
  6 orc wizards
  2 iguanas (D:6)
  Natasha (D:3)
  4 ogre zombies (D:11)
  Robin (D:2)
  17 gnolls
  2 river rats (Sewer)
  8 adders
  A shadow imp (D:7)
  3 white imps (D:11)
  A howler monkey simulacrum (D:11)
  An ufetubus (D:11)
  A worm (Sewer)
  3 dart slugs
  48 orcs
  9 bats
  14 endoplasms
  10 giant cockroaches
  6 goblins
  8 hobgoblins
  6 jackals
  4 kobolds
  6 quokkas
  8 ball pythons
  16 frilled lizards
  4 goblin skeletons (D:11)
  A goblin zombie (D:11)
  2 hobgoblin skeletons (D:11)
  2 hobgoblin zombies (D:11)
  9 orc zombies (D:11)
  12 rats
367 creatures vanquished.

Vanquished Creatures (others)
  An orc wizard (D:7)
  An orc (D:6)
  41 fulminant prisms
43 creatures vanquished.

Grand Total: 410 creatures vanquished
